AoeStats
← Yume

Arena

508534781Analyzed
2v2 RM · 9d ago on Sep 22, 2026· 75m 57s· 4 players
Game mode
Random Map
Map size
Medium (4 player)
Population
200
Speed
Normal
Resources
Standard
Victory
Conquest
Starting age
Dark Age
Ending age
Imperial Age
RankedLock teamsTeams togetherTeam positionsShared explorationLock speedFull tech treeHidden civsTurbo modeCheats
Victory
Defeat
🇪🇨 Goths · Ecuador
710
+14
🇪🇸 Random · Spain
709
+14
🇺🇸 Franks · United States
667
-15
🇺🇸 Shu · United States
647
-13
ELFLAMINGO5976
1:56 Loom
10:56 Feudal Age
12:01 Horse Collar
12:08 Double-Bit Axe
19:09 Castle Age
17:40 Man-at-Arms
21:12 Squires
20:35 Long Swordsman
21:30 Forging
21:21 Scale Mail Armor
22:02 Pikeman
24:09 Gambesons
33:48 Bow Saw
36:40 Imperial Age
35:44 Thumb Ring
37:28 Fletching
37:38 Padded Archer Armor
38:33 Husbandry
39:45 Chain Mail Armor
41:09 Coiled Serpent Array
46:46 Heavy Plow
46:58 Bodkin Arrow
47:18 Leather Archer Armor
49:56 Two-Handed Swordsman
51:14 Champion
56:32 Bracer
56:47 Leather Archer Armor
57:07 Plate Mail Armor
57:04 Masonry
67:23 Murder Holes
68:03 Architecture
Chri6tina x
4:26 Loom
15:18 Feudal Age
20:01 Double-Bit Axe
23:43 Castle Age
24:27 Wheelbarrow
25:08 Bow Saw
28:51 Hand Cart
28:35 Gold Mining
28:51 Scale Mail Armor
32:11 Forging
33:48 Gold Shaft Mining
33:03 Stone Mining
34:47 Iron Casting
34:18 Scale Barding Armor
34:32 Caravan
35:27 Chain Mail Armor
37:52 Imperial Age
37:15 Husbandry
38:03 Cavalier
40:53 Gambesons
40:29 Man-at-Arms
42:27 Blast Furnace
41:57 Plate Mail Armor
41:49 Chain Barding Armor
41:36 Long Swordsman
42:31 Two-Handed Swordsman
44:28 Fletching
44:39 Padded Archer Armor
46:00 Champion
46:18 Paladin
47:33 Pikeman
48:14 Squires
49:00 Plate Barding Armor
49:51 Crossbowman
49:52 Elite Skirmisher
54:29 Halberdier
57:04 Bodkin Arrow
57:24 Leather Archer Armor
65:29 Chemistry
64:45 Masonry
64:18 Treadmill Crane
64:46 Siege Engineers
64:52 Fortified Wall
70:55 Arson
75:11 Hoardings
Gatsu
2:39 Loom
13:02 Feudal Age
13:40 Double-Bit Axe
13:38 Horse Collar
18:03 Castle Age
20:46 Bow Saw
20:57 Town Watch
21:48 Wheelbarrow
24:19 Scale Barding Armor
26:37 Squires
26:23 Gambesons
28:50 Hand Cart
28:34 Arson
30:43 Caravan
32:15 Town Patrol
34:14 Heavy Plow
34:08 Stone Mining
34:10 Gold Mining
34:23 Scale Mail Armor
34:28 Padded Archer Armor
34:34 Husbandry
34:44 Bloodlines
36:31 Thumb Ring
37:18 Gold Shaft Mining
41:47 Imperial Age
42:19 Coinage
41:50 Elite Varangian Guard
44:10 Banking
43:53 Guilds
44:53 Chain Mail Armor
44:50 Forging
44:31 Fletching
44:56 Leather Archer Armor
45:01 Chain Barding Armor
44:30 Pikeman
45:35 Clerical Recruitment
45:48 Sappers
46:54 Hoardings
46:40 Conscription
45:41 Elite Hearth Troop
45:41 Shield Wall
46:47 Ballistics
46:08 Treadmill Crane
46:39 Masonry
46:34 Siege Engineers
46:25 Murder Holes
46:41 Fortified Wall
47:32 Chemistry
46:23 Guard Tower
46:19 Arrowslits
46:25 Heated Shot
47:17 Plate Mail Armor
47:23 Iron Casting
46:31 Cranequins
46:49 Halberdier
48:12 Elite Hearth Troop
48:15 Shield Wall
49:16 Conscription
51:54 Two-Man Saw
52:36 Crop Rotation
52:16 Devotion
52:50 Architecture
56:07 Man-at-Arms
62:12 Ring Archer Armor
61:37 Bodkin Arrow
63:35 Bracer
64:18 Keep
Yume
12:00 Feudal Age
10:16 Loom
12:23 Horse Collar
12:30 Double-Bit Axe
16:46 Castle Age
26:11 Scale Mail Armor
28:39 Anarchy
29:23 Wheelbarrow
29:50 Gold Mining
29:50 Stone Mining
30:53 Ballistics
30:14 Treadmill Crane
30:54 Hand Cart
33:27 Chain Mail Armor
33:13 Padded Archer Armor
34:06 Bow Saw
35:14 Stone Shaft Mining
40:28 Imperial Age
38:48 Caravan
39:20 Leather Archer Armor
40:32 Elite Huskarl
42:34 Conscription
42:46 Heavy Plow
44:52 Perfusion
46:51 Ring Archer Armor
50:16 Coinage
56:37 Banking
56:17 Guilds
58:01 Town Watch
59:06 Light Cavalry
59:57 Bloodlines
Connection lost

Rejoining the realm…

Still unreachable

The connection could not be restored.

Session expired

The server has moved on; the page needs a fresh start.